 Dungeon Crawl Stone Soup version 0.29.0-4-gdea44cf6ec (webtiles) character file.

Game seed: 5570374110674144928

107 qw the Sneak (level 4, 0/28 HPs)
             Began as a Gargoyle Delver on Sept 10, 2022.
             Slain by an orc
             ... wielding a +2 trident of freezing
              (1 damage)
             ... on level 4 of the Dungeon.
             The game lasted 00:00:15 (902 turns).

qw the Sneak (Gargoyle Delver)                       Turns: 902, Time: 00:00:15

Health: 0/28       AC: 16    Str: 17    XL:     4   Next: 86%
Magic:  4/4        EV:  7    Int: 11    God:
Gold:   77         SH:  0    Dex: 11    Spells: 3/3 levels left

rFire   . . .      SeeInvis .   Y - +0 hand axe
rCold   . . .      Faith    .   (no shield)
rNeg    + . .      Spirit   .   a - +0 chain mail
rPois   inf        Reflect  .   k - +2 helmet
rElec   +          Harm     .   h - +0 cloak
rCorr   .          Rampage  .   (no gloves)
Will    .....                   (no boots)
Stlth   ..........              (no amulet)
HPRegen 0.09/turn               (no ring)
MPRegen 0.09/turn               (no ring)

@: no status effects
A: sickness immunity, AC +3, negative energy resistance 1, electricity
resistance, torment resistance 1, petrification resistance
a: no special abilities


You were on level 4 of the Dungeon.
You visited 1 branch of the dungeon, and saw 2 of its levels.

You collected 77 gold pieces.


Innate Abilities, Weirdness & Mutations

You are immune to sickness and miasma.
Your stone body is resilient. (AC +3)
You are immune to poison.
You resist negative energy. (rN+)
You are resistant to electric shocks. (rElec)
You are resistant to unholy torment.
You are immune to petrification.


   Skills:
 - Level 3.2 Fighting
 + Level 4.0 Axes
 - Level 2.0 Armour
 - Level 1.5 Dodging
 - Level 5.4 Stealth


You had 3 spell levels left.
You didn't know any spells.
Your spell library was empty.

Inventory:

Hand Weapons
 Y - a +0 hand axe (weapon)
Armour
 a - a +0 chain mail (worn)
 h - a +0 cloak (worn)
 k - a +2 helmet (worn)
Wands
 g - a wand of digging (3)
Potions
 f - a potion of haste

Dungeon Overview and Level Annotations

Branches:
Dungeon (5/15)
 Temple: D:4-7

Altars:
Cheibriados
Hepliaklqana
Ru
Trog
Wu Jian


Message History

891 ||| Stepping ~*~*~tactically~*~*~ (stealth).
You closely miss the orc.
The orc shouts!
You hear a shout!
The orc hits you but does no damage.
You hit the orc.
The orc is lightly wounded.
The orc hits you with a +0 dagger.
You hit the orc.
The orc is heavily wounded.
An orc comes into view.
It is wielding a +2 trident of freezing.
You hit the orc.
The orc is severely wounded.
You hit the orc but do no damage. The orc hits you but does no damage. x2
You closely miss the orc.
The orc is severely wounded.
You barely miss the orc. The orc barely misses you. The orc closely misses you.
You closely miss the orc.
The orc is severely wounded.
You completely miss the orc. The orc hits you but does no damage. x2
You hit the orc.
You kill the orc!
You closely miss the orc. The orc hits you but does no damage.
You hit the orc.
The orc is lightly wounded.
The orc hits you from afar with a +2 trident of freezing!
The orc freezes you.
You hit the orc.
You kill the orc!
The orc hits you from afar with a +2 trident of freezing!
The orc freezes you.
Your Axes skill increases to level 4!
The orc hits you but does no damage.
You hit the orc but do no damage.
The orc hits you with a +2 trident of freezing.
The orc freezes you.
You die...

.# #. .. .. ....
.#. .# .[...#
#.#.# # #... ..#
#.####)####...#
##..>)>)).......
.........@o.#.#.
...#####.#### .
...# ##..# ...#
##.## #. #.


You could see an orc.

Vanquished Creatures
  A scorpion (D:5)
  A hound (D:5)
  A worm (D:5)
  2 dart slugs (D:5)
  3 orcs (D:4)
  2 kobolds (D:4)
  A quokka (D:4)
11 creatures vanquished.

Notes
Turn   | Place    | Note
-------+----------+-------------------------------------------
     0 | D:5      | qw the Gargoyle Delver began the quest for the Orb.
     0 | D:5      | Reached XP level 1. HP: 14/14 MP: 1/1
     0 | D:5      | 0 ||| qw: Version: 0.1-a-116-g5d60599
     0 | D:5      | 0 ||| qw: Game counter: 8515
     0 | D:5      | 0 ||| qw: Always use a shield: true
     0 | D:5      | 0 ||| qw: God list: Okawaru
     0 | D:5      | 0 ||| qw: Allow faded altars: false
     0 | D:5      | 0 ||| qw: Do Orc after D:15 true
     0 | D:5      | 0 ||| qw: Do second Lair branch before Depths: true
     0 | D:5      | 0 ||| qw: Lair rune preference: random
     0 | D:5      | 0 ||| qw: Plans: Normal
     0 | D:5      | 0 ||| PLANNING D:1-11
   114 | D:5      | Noticed a scorpion
   134 | D:5      | HP: 3/14 [scorpion (2)]
   136 | D:5      | Killed a scorpion
   137 | D:5      | Reached skill level 3 in Axes
   137 | D:5      | Reached XP level 2. HP: 3/19 MP: 2/2
   137 | D:5      | Reached XP level 3. HP: 4/23 MP: 3/3
   137 | D:5      | Reached XP level 4. HP: 5/28 MP: 4/4
   425 | D:5      | 425 ||| Stepping ~*~*~tactically~*~*~ (hiding).
   526 | D:5      | 526 ||| UPGRADING to +0 cloak.
   531 | D:5      | 531 ||| UPGRADING to +2 helmet.
   536 | D:5      | 536 ||| UPGRADING to +0 ring mail.
   546 | D:5      | 546 ||| DROPPING +0 leather armour.
   547 | D:5      | 547 ||| READING scroll labelled CYM POYCER.
   548 | D:5      | 548 ||| READING scroll labelled YFFAID WEMEOZO.
   553 | D:5      | 553 ||| DROPPING scroll of fog.
   554 | D:5      | 554 ||| DROPPING scroll of magic mapping.
   555 | D:5      | 555 ||| DROPPING scroll of fear.
   589 | D:5      | Found an ornate altar of the Wu Jian Council.
   589 | D:5      | Found a bloodstained altar of Trog.
   590 | D:5      | 590 ||| READING scroll labelled ENI FIUCIOT.
   597 | D:5      | Found a hazy altar of Hepliaklqana.
   599 | D:5      | Found a sacrificial altar of Ru.
   601 | D:5      | Found a snail-covered altar of Cheibriados.
   744 | D:5      | 744 ||| Stepping ~*~*~tactically~*~*~ (hiding).
   749 | D:5      | 749 ||| Stepping ~*~*~tactically~*~*~ (stealth).
   759 | D:5      | Reached skill level 1 in Armour
   859 | D:5      | 859 ||| UPGRADING to +0 chain mail.
   869 | D:5      | 869 ||| DROPPING +0 ring mail.
   891 | D:4      | 891 ||| Stepping ~*~*~tactically~*~*~ (stealth).
   900 | D:4      | HP: 6/28 [orc/+2 trident of freezing (8)]
   900 | D:4      | HP: 2/28 [orc/+2 trident of freezing (4)]
   902 | D:4      | Slain by an orc

Levels and vault maps discovered:
D:4:      layout_loops_ring, minmay_temple_entry_sparse_star,
          gammafunk_ghost_necromancy, eino_small_chamber_without_monster
D:5:      layout_loops_cross, chequers_temple_overflow_minitemple

Skill      XL: |  1  2  3  4 |
---------------+-------------+-----
Axes           | 3 4 |  4.0
Armour         | 2 |  2.0
Fighting       | |  3.2
Dodging        | |  1.5
Stealth        | |  5.4

Action                   |  1- 3 |  4- 6 || total
-------------------------+-------+-------++-------
Melee: Hand axe          |    17 |    35 ||    52
  Use: Scroll            |       |     3 ||     3
Armor: Leather armour    |     7 |       ||     7
       Chain mail        |       |    13 ||    13
       Ring mail         |       |     5 ||     5
Dodge: Dodged            |    10 |    21 ||    31

Table legend:
 A = Non-vault XP
 B = Vault XP
 C = Vault XP percentage of total XP
 D = Non-vault monster count
 E = Vault monster count
 F = Vault count percentage of total count
                 A         B        C        D         E       F
            +---------+---------+-------+---------+---------+-------
      Total |     154 |       0 |   0.0 |      11 |       0 |   0.0
            +---------+---------+-------+---------+---------+-------
        D:4 |      14 |       0 |   0.0 |       6 |       0 |   0.0
        D:5 |     140 |       0 |   0.0 |       5 |       0 |   0.0
            +---------+---------+-------+---------+---------+-------
